 Dungeon Crawl Stone Soup version 0.19-a0-1834-g6b7851e (webtiles) character file.

103779 Pr0man the Unseen (level 15, -1/115 HPs)
             Began as a Vampire Enchanter on Oct 8, 2016.
             Was an Elder of Ashenzari.
             Slain by an alligator (30 damage)
             ... on level 2 of the Swamp.
             The game lasted 03:03:51 (43998 turns).

Pr0man the Unseen (Vampire Enchanter)              Turns: 43998, Time: 03:03:51

Health: -1/115     AC:  0    Str:  8    XL:     15   Next: 90%
Magic:  15/20      EV: 34    Int: 17    God:    Ashenzari [****..]
Gold:   1142       SH:  3    Dex: 26    Spells: 9 memorised, 0 levels left

rFire  . . .     SeeInvis +     (weapon currently unavailable)
rCold  + . .     Gourm    .     (armour currently unavailable)
rNeg   + + +     Faith    .     (shield currently unavailable)
rPois  +         Spirit   .     (helmet currently unavailable)
rElec  .         Dismiss  .     (cloak currently unavailable)
rCorr  .         Reflect  +     (gloves currently unavailable)
MR     +....     Harm     .     (boots currently unavailable)
Stlth  +++++++++. Clarity  +    K - amulet "Funodof" {Reflect +Inv rN++ SH+3}
                                (ring currently unavailable)
                                (ring currently unavailable)

@: bat-form, flying, regenerating slowly, very quick
A: fangs 3, (talons 0), see invisible, (unbreathing)
a: End Transformation, Curse Item, Scrying, Renounce Religion, Evoke
Invisibility


You were on level 2 of the Swamp.
You worshipped Ashenzari.
Ashenzari was greatly pleased with you.
You were thirsty.
You were in vampire-bat-form.
You visited 4 branches of the dungeon, and saw 25 of its levels.
You also visited: Labyrinth and Volcano.

You collected 2550 gold pieces.
You spent 1408 gold pieces at shops.

Inventory:

Hand Weapons
 a - a +0 vampiric dagger (melded)
   (You took it off an orc wizard on level 11 of the Dungeon)
 b - a +2 demon blade of electrocution
   (You bought it in a shop on level 1 of the Orcish Mines)
Missiles
 A - 5 throwing nets (quivered)
Armour
 c - a +0 buckler (melded)
 I - a cursed +2 cloak (melded)
 J - a +2 hat (melded)
 R - a +3 leather armour of fire resistance (melded)
   (You found it in a volcano)
 T - a cursed +2 pair of boots of flying (melded)
   (You found it in a volcano)
Jewellery
 m - a cursed +2 ring of evasion (melded)
 K - the amulet "Funodof" (around neck) {Reflect +Inv rN++ SH+3}
   (You bought it in a shop on level 13 of the Dungeon)

   [amulet of reflection]

   It shields you and reflects attacks.
   It greatly protects you from negative energy.
   It lets you turn invisible.
   It affects your SH (+3).
 V - a +2 ring of slaying (melded)
Wands
 G - a wand of disintegration (8/24)
 L - a wand of lightning (5/15)
 S - a wand of iceblast (7/15)
 Z - a wand of digging (16/24)
Scrolls
 d - a scroll of remove curse
 j - 5 scrolls of identify
 k - 2 scrolls of fog
 n - 8 scrolls of teleportation {!r}
 q - 4 scrolls of magic mapping {!r}
 u - a scroll of blinking
 w - 8 scrolls of fear {!r}
 y - a scroll of summoning {!r}
Potions
 e - 2 potions of invisibility {!q}
 f - a potion of blood
 h - 9 potions of curing
 l - 4 potions of ambrosia
 o - 6 potions of agility {!q}
 s - a potion of might {!q}
 E - a potion of cure mutation {!q}
 H - 2 potions of cancellation {!q}
Miscellaneous
 v - a box of beasts
 B - a phantom mirror


   Skills:
 - Level 10.0 Fighting
 - Level 10.7(13.7) Short Blades
 - Level 13.1(14.3) Long Blades
 - Level 3.0 Armour
 - Level 11.7 Dodging
 - Level 15.8 Stealth
 - Level 4.0 Shields
 - Level 3.6 Spellcasting
 + Level 3.2 Conjurations
 - Level 11.9 Hexes
 - Level 7.6 Ice Magic
 - Level 1.7 Air Magic
 - Level 5.8 Earth Magic
 - Level 4.1 Evocations


You couldn't memorise any spells.
You knew the following spells:

 Your Spells              Type           Power        Failure   Level  Hunger
a - Ensorcelled Hibernat  Hex/Ice        #####.       1%          2    ##.....
b - Tukima's Dance        Hex            #####...     1%          3    ###....
c - Confuse               Hex            #####...     1%          3    ###....
d - Blink                 Tloc           N/A          30%         2    ##.....
e - Repel Missiles        Chrm/Air       #.....       21%         2    ##.....
f - Mephitic Cloud        Conj/Pois/Air  #.......     24%         3    ###....
g - Summon Butterflies    Summ           #.......     21%         1    None
i - Passwall              Tmut/Erth      ##........   10%         2    ##.....
s - Dazzling Spray        Conj/Hex       ####..       1%          3    ###....


Dungeon Overview and Level Annotations

Branches:
Dungeon (15/15)            Temple (0/1) D:6            Lair (6/6) D:11
  Swamp (2/4) Lair:4        Snake (0/4) Lair:4        Slime (0/5) Lair:6
    Orc (2/2) D:9             Elf (0/3) Orc:2        Vaults (0/5) D:14
 Depths (0/5) D:15

Altars:
Ashenzari
Cheibriados
Dithmenos
Kikubaaqudgha
Makhleb
Okawaru
Qazlal
Sif Muna
Uskayaw
Xom
Zin
Jiyva

Shops:
D:4 (   D:13 =   D:14 [   Orc:1 (([}   Orc:2 *[(:

Portals:
Trove: D:13 (give +7 demon trident)

Annotations:
D:13 exclusion: oklob plant
Swamp:1 exclusion: Roxanne, Roxanne


Innate Abilities, Weirdness & Mutations

You heal slowly.
You have razor-sharp teeth.
You have supernaturally acute eyesight. (SInv)
((You can survive without breathing.))
((You have sharp toenails.))


Message History

Aim: an alligator (chance to defeat MR: 47%)
The alligator resists with some effort.
An alligator comes into view.
Casting: Ensorcelled Hibernation
Confirm with . or Enter, or press ? or * to list all spells.
Aiming: Ensorcelled Hibernation
Press: ? - help, Shift-Dir - straight line, f/p - alligator
Aim: an alligator (chance to defeat MR: 47%)
The alligator resists with some effort.
The alligator puts on a burst of speed!
Casting: Ensorcelled Hibernation
Confirm with . or Enter, or press ? or * to list all spells.
Aiming: Ensorcelled Hibernation
Press: ? - help, Shift-Dir - straight line, f/p - alligator
Aim: an alligator (chance to defeat MR: 47%)
The alligator looks drowsy...
You block the swamp worm's attack. The swamp worm bites you!!
Damage: 21 (max 21)
You hit the alligator.
You feel better.
The alligator is lightly wounded.
The alligator bites you! The alligator completely misses you.
You block the swamp worm's attack.
Damage: 7 (max 21)
You turn into a vampire bat.
Your +0 vampiric dagger melds into your body.
Your cursed +2 cloak melds into your body.
Your +2 hat melds into your body.
Your cursed +2 pair of boots of flying melds into your body.
Your +0 buckler melds into your body.
Your +3 leather armour of fire resistance melds into your body.
Your cursed +2 ring of evasion melds into your body.
Your +2 ring of slaying melds into your body.
You feel your glee subside.
You feel less resistant to fire. The alligator completely misses you.
The alligator tail-slaps you! The alligator bites you!
The alligator completely misses you. The swamp worm bites you!!
* * * LOW HITPOINT WARNING * * *
Damage: 43 (max 43)
The alligator misses you. x2; The alligator completely misses you. x2
The alligator puts on a burst of speed!
You see here a beef jerky.
The alligator completely misses you. x2
The alligator closely misses you. The alligator completely misses you.
The alligator bites you!
* * * LOW HITPOINT WARNING * * *
The alligator tail-slaps you.
* * * LOW HITPOINT WARNING * * *
Damage: 17 (max 43)
There is a stone staircase leading up, spattered with blood here.
The alligator bites you!!
You die...

♣..≈≈≈..≈≈≈♣♣♣♣.≈≈≈♣≈≈≈≈≈..♣
♣♣≈≈≈≈.>D≈≈....≈≈.§≈≈≈≈..≈♣♣
♣♣.♣...≈.≈≈≈≈♣)≈...≈.≈.≈≈♣
♣.≈≈≈≈≈.≈≈≈.<≈≈≈.≈≈♣≈≈≈.♣
♣♣.≈≈≈....≈.≈♣≈≈..≈.≈≈.♣♣
♣..≈≈.♣♣≈≈.≈≈≈≈≈.♣≈≈≈≈♣
♣♣..≈≈♣♣≈≈.≈≈≈≈≈.≈≈≈≈♣♣
♣.≈≈.♣♣≈..≈≈≈≈.≈≈≈≈≈♣
♣♣...♣♣♣..btt≈♣≈..≈≈♣♣
♣♣♣..♣♣≈♣♣♣♣♣♣t≈≈≈≈!♣
♣♣...≈..≈♣♣♣.≈≈≈.♣♣ ♣♣
♣♣♣♣♣♣♣≈.♣..{≈≈.♣ ♣♣.
♣♣♣.♣♣.w≈.♣♣♣♣♣≈≈
♣♣♣♣♣%....♣♣≈.≈ ♣♣..≈.≈..≈≈
♣♣♣.≈≈...≈ ♣♣.≈...≈


You could see 2 alligators and a seven-headed hydra (wandering).

Vanquished Creatures
  Saint Roka (Orc:2)
  Nikola (Swamp:1)
  An orc warlord (Orc:1)
  Aizul (Swamp:2)
  2 entropy weavers (Lair:5)
  Snorg (Lair:4)
  A minotaur (D:13)
  Josephine (D:11)
  The ghost of TotoDurand the Fighter, a journeyman VSFi of Okawaru (Orc:2)
  6 hydras
  4 centaur warriors
  The ghost of dobroeutro the Cleaver, a novice DDFi of Makhleb (D:9)
  A ghost crab (Swamp:1)
  A catoblepas (D:14)
  2 dancing weapons (D:14)
  Erica (D:8)
  4 alligators
  A queen ant (Lair:5)
  A tengu warrior (D:13)
  6 orc high priests
  An unseen horror (D:11)
  A wizard (D:14)
  3 swamp dragons (Swamp:1)
  3 shambling mangroves
  Pikel (D:4)
  4 hill giants
  7 orc knights
  2 ugly things
  3 orc sorcerers
  A manticore (D:14)
  A lindwurm (Lair:4)
  2 elephants (Lair:6)
  2 black mambas
  2 gargoyles
  22 spiny frogs
  3 rime drakes
  4 komodo dragons
  14 hornets
  7 trolls
  10 tyrant leeches
  3 bog bodies (Swamp:1)
  7 slime creatures
  7 blink frogs (Lair:5)
  5 dream sheep (Lair:5)
  12 hippogriffs
  4 spriggans
  3 shadows
  3 wyverns
  4 wraiths (D:11)
  3 hungry ghosts
  2 humans (D:7)
  59 yaks
  A fire elemental (Volcano)
  Eustachio (D:5)
  A basilisk (D:14)
  2 steam dragons
  5 vampire mosquitoes
  A mottled dragon (D:12)
  11 swamp worms
  3 nagas
  7 wargs
  27 soldier ants
  12 water moccasins
  2 hell hounds (Lair:4)
  36 orc warriors
  14 porcupines
  3 ice beasts
  A sky beast (D:13)
  18 ogres
  5 swamp drakes
  2 black bears
  A slave (D:4)
  3 necrophages
  An eye of draining (D:9)
  2 phantoms
  20 wolves
  13 centaurs
  12 crocodiles
  6 big kobolds
  Blork the orc (D:5)
  3 gnoll sergeants (D:9)
  13 bullfrogs
  A wyvern zombie (D:14)
  An earth elemental (Volcano)
  8 scorpions
  A wyvern skeleton (D:14)
  11 killer bees
  7 wights
  A howler monkey (D:9)
  4 crimson imps
  2 centaur zombies
  A quasit (D:8)
  A bullfrog zombie (D:10)
  3 hounds
  6 jellies
  16 orc priests
  Jessica (D:1)
  4 bullfrog skeletons
  Ijyb (D:2)
  23 orc wizards
  4 iguanas
  29 worker ants
  A hound zombie (D:8)
  2 worker ant zombies
  Robin (D:2)
  20 gnolls
  13 adders
  5 shadow imps
  An adder zombie (D:7)
  4 worms
  9 leopard geckos
  77 orcs
  8 giant cockroaches
  10 hobgoblins
  12 jackals
  24 kobolds
  5 quokkas
  A ball python (D:3)
  17 bats
  5 frilled lizards
  10 goblins
  A leopard gecko skeleton (D:4)
  15 rats
836 creatures vanquished.

Vanquished Creatures (others)
  A spiny frog (Swamp:1)
  A dancing weapon (D:11)
  An ice beast (D:5)
  A slave (D:5)
  A hound skeleton (D:5)
  An adder (D:5)
  An adder skeleton (D:5)
  4 orcs
  A giant cockroach (D:5)
  58 fungi
  23 plants
93 creatures vanquished.

Grand Total: 929 creatures vanquished

Notes
Turn   | Place    | Note
-------+----------+-------------------------------------------
     0 | D:1      | Pr0man the Vampire Enchanter began the quest for the Orb.
     0 | D:1      | Reached XP level 1. HP: 13/13 MP: 3/3
   312 | D:1      | Reached XP level 2. HP: 12/19 MP: 3/5
   332 | D:1      | Learned a level 2 spell: Ensorcelled Hibernation
   572 | D:1      | Reached skill level 2 in Short Blades
   600 | D:1      | Reached skill level 5 in Hexes
  1066 | D:1      | Reached XP level 3. HP: 23/24 MP: 6/6
  1264 | D:2      | Reached skill level 1 in Ice Magic
  1379 | D:2      | Noticed Jessica
  1402 | D:2      | Noticed Robin
  1486 | D:1      | Killed Jessica
  1486 | D:1      | Reached skill level 2 in Ice Magic
  1734 | D:2      | Found a shattered altar of Ashenzari.
  1739 | D:2      | Became a worshipper of Ashenzari the Shackled
  1859 | D:2      | Reached XP level 4. HP: 30/30 MP: 4/7
  1956 | D:2      | Killed Robin
  1956 | D:2      | Reached skill level 3 in Short Blades
  2026 | D:2      | Found a faded altar of an unknown god.
  2376 | D:2      | Noticed Ijyb
  2467 | D:2      | Killed Ijyb
  2549 | D:2      | Reached skill level 3 in Ice Magic
  2868 | D:3      | Reached XP level 5. HP: 27/35 MP: 6/8
  2874 | D:3      | Learned a level 3 spell: Confuse
  2898 | D:3      | Found a deep blue altar of Sif Muna.
  3689 | D:3      | Reached skill level 4 in Short Blades
  3719 | D:3      | Reached skill level 4 in Ice Magic
  3883 | D:4      | Reached XP level 6. HP: 41/41 MP: 5/9
  4146 | D:4      | Found Wuvoosk's Weapon Boutique.
  4866 | D:4      | Reached skill level 5 in Ice Magic
  4988 | D:4      | Reached XP level 7. HP: 46/46 MP: 5/10
  5134 | D:4      | Reached skill level 5 in Stealth
  5154 | D:5      | Entered Level 5 of the Dungeon
  5208 | D:5      | Noticed Pikel
  5335 | D:4      | Killed Pikel
  5335 | D:4      | Reached skill level 6 in Short Blades
  5335 | D:4      | Reached skill level 7 in Stealth
  5335 | D:4      | Reached XP level 8. HP: 25/52 MP: 0/11
  5490 | D:5      | Found a glowing silver altar of Zin.
  5842 | D:6      | Reached * piety under Ashenzari
  5913 | D:6      | Reached skill level 8 in Stealth
  6023 | D:6      | Found a staircase to the Ecumenical Temple.
  6367 | D:5      | Reached skill level 7 in Short Blades
  6541 | D:6      | Reached skill level 9 in Stealth
  6985 | D:5      | Noticed Eustachio
  6994 | D:5      | Killed Eustachio
  6994 | D:5      | Reached skill level 8 in Short Blades
  7491 | D:5      | Reached skill level 9 in Short Blades
  7492 | D:5      | Noticed Blork the orc
  7531 | D:5      | Killed Blork the orc
  8011 | D:5      | Reached XP level 9. HP: 57/57 MP: 9/12
  8169 | D:5      | Reached skill level 10 in Short Blades
  8737 | D:7      | Found a shadowy altar of Dithmenos.
  8751 | D:7      | Found an ancient bone altar of Kikubaaqudgha.
  8754 | D:7      | Found an iron altar of Okawaru.
  8964 | D:7      | Reached skill level 1 in Fighting
  9338 | D:7      | Found a hide-covered altar of Uskayaw.
  9340 | D:7      | Found a stormy altar of Qazlal.
  9670 | D:7      | Reached skill level 3 in Dodging
  9871 | D:7      | Reached skill level 2 in Fighting
 10001 | D:7      | Found a burning altar of Makhleb.
 10002 | D:7      | Found a snail-covered altar of Cheibriados.
 10522 | D:7      | Reached skill level 4 in Dodging
 10607 | D:7      | Reached skill level 3 in Fighting
 10619 | D:7      | Reached skill level 5 in Dodging
 10871 | D:8      | Learned a level 2 spell: Blink
 11478 | D:8      | Reached skill level 6 in Hexes
 11593 | D:8      | Reached XP level 10. HP: 41/70 MP: 11/14
 11938 | D:8      | Found a shimmering altar of Xom.
 11967 | D:8      | Noticed Erica
 11984 | D:8      | Killed Erica
 11984 | D:8      | Reached skill level 3 in Spellcasting
 11984 | D:8      | Reached skill level 7 in Hexes
 11984 | D:8      | Reached skill level 6 in Ice Magic
 12251 | D:8      | Reached skill level 1 in Long Blades
 12457 | D:9      | Reached skill level 2 in Long Blades
 12531 | D:9      | Reached skill level 3 in Long Blades
 12910 | D:9      | Reached ** piety under Ashenzari
 12937 | D:9      | Noticed dobroeutro's ghost (novice DDFi)
 13411 | D:9      | Reached skill level 4 in Long Blades
 13547 | D:9      | Learned a level 2 spell: Repel Missiles
 13573 | D:9      | Reached skill level 5 in Long Blades
 14182 | D:9      | Killed dobroeutro's ghost
 14182 | D:9      | Reached skill level 6 in Long Blades
 14226 | D:9      | Reached skill level 7 in Long Blades
 14885 | D:9      | Found a staircase to the Orcish Mines.
 14897 | D:9      | Reached skill level 8 in Long Blades
 14897 | D:9      | Reached XP level 11. HP: 73/75 MP: 5/16
 14916 | D:9      | Learned a level 3 spell: Tukima's Dance
 15000 | D:10     | Entered Level 10 of the Dungeon
 15080 | D:10     | Learned a level 3 spell: Mephitic Cloud
 15082 | D:10     | Learned a level 1 spell: Summon Butterflies
 15264 | D:10     | Reached *** piety under Ashenzari
 15283 | D:10     | Reached skill level 1 in Air Magic
 16370 | D:11     | Noticed an unseen horror
 16419 | D:11     | Reached skill level 4 in Fighting
 16639 | D:11     | Killed an unseen horror
 16639 | D:11     | Reached skill level 6 in Dodging
 16722 | D:11     | Noticed an eight-headed hydra
 16762 | D:11     | Noticed Josephine
 17405 | D:10     | Reached skill level 9 in Long Blades
 18017 | D:10     | Reached skill level 5 in Fighting
 18404 | D:11     | Reached skill level 7 in Dodging
 18930 | D:11     | Noticed a brown ugly thing
 19095 | D:11     | Killed Josephine
 19101 | D:11     | Reached skill level 6 in Fighting
 19309 | D:11     | Found a staircase to the Lair.
 19326 | Lair:1   | Entered Level 1 of the Lair of Beasts
 19327 | Lair:1   | Reached **** piety under Ashenzari
 19474 | Lair:1   | Reached skill level 8 in Dodging
 19480 | Lair:1   | Reached XP level 12. HP: 66/86 MP: 12/17
 20134 | Lair:1   | Reached skill level 8 in Hexes
 20448 | Lair:1   | Reached skill level 7 in Fighting
 20448 | Lair:1   | Reached skill level 9 in Dodging
 20867 | Lair:1   | Reached skill level 9 in Hexes
 21170 | Lair:2   | Noticed a four-headed hydra
 21183 | Lair:2   | Killed a one-headed hydra
 21737 | Lair:2   | Reached skill level 10 in Hexes
 21819 | Lair:2   | Reached skill level 10 in Dodging
 21963 | Lair:2   | Reached skill level 8 in Fighting
 23276 | Lair:3   | Reached ***** piety under Ashenzari
 23417 | Lair:3   | Reached XP level 13. HP: 97/99 MP: 10/18
 23460 | Lair:3   | Reached skill level 10 in Stealth
 23954 | Lair:4   | Found a staircase to the Snake Pit.
 23979 | Lair:4   | Found a dark tunnel.
 23997 | Volcano  | Entered a volcano
 24581 | Lair:4   | Found a staircase to the Swamp.
 24660 | Lair:4   | Reached skill level 11 in Stealth
 24743 | Lair:5   | Noticed Snorg
 24800 | Lair:4   | Killed Snorg
 25295 | Lair:5   | Reached skill level 11 in Dodging
 25423 | Lair:5   | Reached skill level 12 in Stealth
 25425 | Lair:5   | Reached skill level 9 in Fighting
 25750 | Lair:5   | Noticed an entropy weaver
 25886 | Lair:5   | Noticed an entropy weaver
 26175 | Lair:5   | Killed an entropy weaver
 26175 | Lair:5   | Reached skill level 11 in Hexes
 26406 | Lair:5   | Reached skill level 7 in Ice Magic
 26920 | Lair:5   | Killed an entropy weaver
 26950 | Lair:6   | Entered Level 6 of the Lair of Beasts
 27833 | Lair:6   | Found a viscous altar of Jiyva.
 27835 | Lair:6   | Found a staircase to the Slime Pits.
 27970 | Lair:6   | Paralysed by the power of Zot for 5 turns
 28017 | Lair:6   | Reached skill level 1 in Armour
 28017 | Lair:6   | Reached XP level 14. HP: 95/109 MP: 2/19
 28225 | Lair:6   | Reached skill level 13 in Stealth
 28291 | Lair:5   | HP: 3/109 [death yak (21)]
 28873 | Lair:5   | Reached skill level 2 in Armour
 29246 | D:12     | Found a labyrinth entrance.
 29254 | Lab      | Entered a labyrinth
 30381 | D:11     | Pr0man: guess it's up to me now huh? :p
 30724 | D:12     | Found a stormy altar of Qazlal.
 30731 | D:12     | p0werm0de: yep
 30744 | D:12     | p0werm0de: but ash is boring
 30748 | D:12     | Pr0man: yeah
 30748 | D:12     | p0werm0de: better get some cool spells
 30748 | D:12     | Pr0man: not as flashy as your uska
 30792 | D:12     | Reached ****** piety under Ashenzari
 31001 | D:12     | p0werm0de: theres a new necro spell (infestation)
 31002 | D:12     | Pr0man: huh?
 31002 | D:12     | p0werm0de: might rush that with Vp apt and ash ;P
 31002 | D:12     | Pr0man: does?
 31009 | D:12     | Reached skill level 3 in Armour
 31025 | D:12     | p0werm0de: summon sarabs when you kill infested enemy
 31027 | D:12     | vev: perma summons
 31027 | D:12     | Pr0man: woah
 31027 | D:12     | vev: floor at least
 31028 | D:12     | Pr0man: got no necro books i think
 31028 | D:12     | p0werm0de: its lvl 8 anyway so later
 31028 | D:12     | Pr0man: well i got corpse rot
 31028 | D:12     | p0werm0de: ;P
 31028 | D:12     | Pr0man: :D
 31028 | D:12     | p0werm0de: get passwall its decent
 31028 | D:12     | Pr0man: k
 31028 | D:12     | p0werm0de: esp for stabber, and with ash
 31031 | D:12     | Learned a level 2 spell: Passwall
 31031 | D:12     | Pr0man: training stealth, since i got a great apt i may transfer xp from this to something else
 31083 | D:13     | Reached skill level 1 in Earth Magic
 31286 | D:13     | Found Butt's Jewellery Shop.
 31300 | D:13     | Pr0man: that amu looks nice
 31300 | D:13     | p0werm0de: yea
 31300 | D:13     | p0werm0de: +inv
 31300 | D:13     | Bought the amulet "Funodof" {Reflect +Inv rN++ SH+3} for 693 gold pieces
 31313 | D:13     | Found a portal to a secret trove of treasure.
 31321 | D:13     | Pr0man: ugh
 31321 | D:13     | Pr0man: +7 demon trident
 31348 | D:13     | Reached skill level 14 in Stealth
 31415 | D:13     | Reached skill level 2 in Earth Magic
 31826 | D:13     | Reached skill level 3 in Earth Magic
 32318 | D:14     | Found a gate to the Vaults.
 32320 | D:14     | Reached skill level 4 in Earth Magic
 32323 | D:14     | Reached skill level 15 in Stealth
 32428 | D:14     | Found Ylal's Armour Emporium.
 32658 | D:14     | Reached skill level 5 in Earth Magic
 33704 | D:14     | Pr0man: no idea where to go first
 33722 | D:15     | Entered Level 15 of the Dungeon
 33853 | Lair:1   | vev: finished lair & dung?
 33856 | Lair:1   | Pr0man: lair done
 33856 | Lair:1   | vev: dung and orc then
 33856 | Lair:1   | Pr0man: well, hope the shops in orc are useful
 33856 | Lair:1   | Pr0man: having not the best of luck so far
 33856 | Lair:1   | vev: yeah, they better be
 33856 | Lair:1   | p0werm0de: id put a few lvls EVO now so you get <50% fail on invis
 33859 | Lair:1   | p0werm0de: the amu can carry you
 33869 | Lair:1   | vev: &dump Pr0man
 33873 | Lair:1   | p0werm0de: your golden enough consumables etc
 33873 | Lair:1   | p0werm0de: no beem
 33873 | Lair:1   | Pr0man: oh yeah
 33873 | Lair:1   | Pr0man: no idea how to get beem to join
 33873 | Lair:1   | vev: ah, do # pls
 33873 | Lair:1   | vev: thx
 33873 | Lair:1   | Pr0man: how do I get beem in here?
 33873 | Lair:1   | p0werm0de: join spec in my game
 33873 | Lair:1   | Pr0man: awesome
 33873 | Lair:1   | p0werm0de: !polymorph pr0man
 33873 | Lair:1   | beem: p0werm0de zaps a wand. pr0man evaporates and reforms as a adder!
 33884 | Lair:1   | Pr0man: lol
 33886 | Lair:1   | Pr0man: nice
 33886 | Lair:1   | Pr0man: down the hatch
 33886 | Lair:1   | Gained mutation: You have sharp toenails. [potion of beneficial mutation]
 33887 | Lair:1   | Pr0man: screw you too game
 33887 | Lair:1   | p0werm0de: thats good
 33887 | Lair:1   | Pr0man: got flying boots, so no aux attack
 33887 | Lair:1   | p0werm0de: toenails+hooves now work through boots
 33887 | Lair:1   | Pr0man: oh what?
 33887 | Lair:1   | p0werm0de: yea lvl 1-2
 33887 | Lair:1   | p0werm0de: 3 you cannot wear em ofc
 34011 | Orc:1    | Entered Level 1 of the Orcish Mines
 34153 | Orc:1    | vev: after orc i'd do swamp to get the rune to unlock the huge exp from vaults
 34158 | Orc:1    | Pr0man: WTF
 34158 | Orc:1    | Pr0man: sleepwalking?
 34158 | Orc:1    | p0werm0de: yep
 34164 | Orc:1    | p0werm0de: you can use that after confusing
 34304 | Orc:1    | p0werm0de: its safer too for very hard hitters
 34304 | Orc:1    | Pr0man: so, after getting decent skills with ash maybe join kiku or whatyoumaycall him
 34304 | Orc:1    | Pr0man: in order to gain corpses and painbrand possibly?
 34306 | Orc:1    | Found Wonelaji's Gadget Shoppe.
 34325 | Orc:1    | vev: skill boost goes away if you switch gods
 34329 | D:9      | Reached skill level 1 in Evocations
 34335 | D:9      | Reached skill level 10 in Long Blades
 34343 | D:9      | Pr0man: thing is, i can train stealth pretty high and transfer the exp to something with a shit apt to have a net gain iirc
 34343 | D:9      | Pr0man: no idea if that's still the cause
 34343 | D:9      | vev: the apt doesn't matter, only the actual xp amount
 34494 | D:9      | p0werm0de: ash is quite good but if you autoexplore well you lose a lot of his strength
 34550 | D:9      | p0werm0de: id manually explore on new lvls and stab/scry/passwall etc
 34597 | D:9      | p0werm0de: its quite fun sometimes
 34599 | D:9      | Pr0man: I usually just go ash in order to gain a boost to my skills
 34599 | D:9      | Pr0man: bc i feel stabbers are quite fragile
 34599 | D:9      | p0werm0de: yea sure thats good too
 34599 | D:9      | Pr0man: eases me into the game a bit
 34695 | Orc:1    | p0werm0de: you can get like all lvl 6 spells online during vaults with ash
 34703 | Orc:1    | Found Tevavvoca's Antique Weapon Boutique.
 34733 | Orc:1    | Found Lyakiq's Antique Weapon Emporium.
 34736 | Orc:1    | Found Uhaul's Armour Boutique.
 34748 | Orc:1    | p0werm0de: PDA
 34748 | Orc:1    | Pr0man: ? pearl dragon armour
 34748 | Orc:1    | Pr0man: aww fuck
 34748 | Orc:1    | vev: ??pda
 34748 | Orc:1    | beem: pearl dragon armour[1/1]: 10AC, 11ER, rN+.
 34748 | Orc:1    | Pr0man: ahh
 34748 | Orc:1    | Pr0man: okay
 34751 | Orc:1    | p0werm0de: got enchant scrolls?
 34751 | Orc:1    | Pr0man: 3
 34751 | Orc:1    | p0werm0de: +4 for now
 34751 | Orc:1    | p0werm0de: not bad
 34751 | Orc:1    | p0werm0de: but you need more STR
 34751 | Orc:1    | Pr0man: is pda not a bit heavy for a stabber?
 34751 | Orc:1    | p0werm0de: around 11
 34753 | Orc:1    | vev: yeah endgame armour, go for it
 34762 | Orc:1    | vev: but need STR
 34762 | Orc:1    | Reached skill level 10 in Fighting
 34762 | Orc:1    | Reached skill level 2 in Evocations
 34807 | Orc:1    | p0werm0de: demon blade too
 34807 | Orc:1    | p0werm0de: do you have LB 14?
 34807 | Orc:1    | Pr0man: not yet
 34807 | Orc:1    | p0werm0de: still id buy that now
 34807 | Orc:1    | Pr0man: i stopped training when i hit min delay in order to focus more on spellcasting/defense
 34807 | Orc:1    | p0werm0de: yea thats good
 34920 | Orc:1    | p0werm0de: ah k
 34920 | Orc:1    | p0werm0de: wait for orc 2 shops
 34920 | Orc:1    | p0werm0de: ^^
 34920 | Orc:1    | Pr0man: more shops?
 34920 | Orc:1    | Pr0man: weren't there like just 4 in orc?
 34920 | Orc:1    | p0werm0de: yea on lvl 2?
 34930 | Orc:2    | Entered Level 2 of the Orcish Mines
 34930 | Orc:2    | Found Noquacs's Book Boutique.
 34952 | Orc:2    | p0werm0de: you got lucky on lvl 1
 35218 | Orc:2    | Noticed TotoDurand's ghost (journeyman VSFi)
 35219 | Orc:2    | Found a staircase to the Elven Halls.
 35342 | Orc:2    | vev: check to see if it sees inv
 35342 | Orc:2    | vev: ok do INV
 35345 | Orc:2    | vev: on up stairs then go down
 35349 | Orc:2    | Killed TotoDurand's ghost
 35359 | Orc:2    | Pr0man: wth
 35359 | Orc:2    | Pr0man: invis is actually useful?
 35500 | Orc:2    | vev: most useful
 35501 | Orc:2    | p0werm0de: yea with dagger and stlth skill very
 35611 | Orc:2    | Pr0man: holy hell
 35611 | Orc:2    | Pr0man: invis is awesome
 35612 | Orc:2    | Pr0man: brb
 35612 | Orc:2    | Pr0man: alright
 35613 | Orc:2    | Noticed Saint Roka
 35627 | Orc:2    | Pr0man: this ain't good
 35971 | Orc:2    | Noticed an orc warlord
 36120 | Orc:2    | p0werm0de: he has Sinv
 36123 | Orc:2    | Pr0man: aww
 36128 | Orc:2    | p0werm0de: sorcerors too
 36147 | Orc:2    | Reached skill level 3 in Evocations
 36154 | Orc:2    | Found Tibriet's Antique Weapon Emporium.
 36198 | Orc:2    | p0werm0de: do str now
 36198 | Orc:2    | Pr0man: I guess the other high level orcs aswell?
 36198 | Orc:2    | Reached XP level 15. HP: 115/115 MP: 7/20
 36199 | Orc:2    | p0werm0de: vp doesnt get it naturally
 36201 | Orc:2    | p0werm0de: hmm not sure about warlords
 36260 | Orc:2    | p0werm0de: i think knights etc not
 36743 | Orc:2    | Pr0man: oh yeah
 36743 | Orc:2    | vev: p0wer, how do you kill OoF with En?
 36743 | Orc:2    | Pr0man: he's still around
 36777 | Orc:1    | p0werm0de: dont kill or summons or have ironshot/ood ;P
 36798 | Orc:2    | p0werm0de: summon distraction stab can work actually
 36808 | Orc:2    | p0werm0de: and mighted QB too
 36861 | Orc:1    | vev: hmm, my qb did shit once i tried
 36872 | Orc:1    | vev: had to use evo
 36872 | Orc:1    | Pr0man: oh
 36872 | Orc:1    | vev: a lot of evo
 36872 | Orc:1    | Pr0man: i'm too contaminated
 36874 | Orc:1    | p0werm0de: yea
 36931 | Orc:1    | p0werm0de: you need some slaying nad might potion i guess
 36965 | Orc:1    | p0werm0de: that it works
 37026 | Orc:1    | vev: yes, INV does contam wich stacks. don't abuse
 37028 | Orc:1    | p0werm0de: and rF+++
 37048 | Orc:1    | Killed an orc warlord
 37057 | Orc:1    | vev: k thx
 37057 | Orc:1    | Pr0man: got a +3 slay ring
 37061 | Orc:1    | p0werm0de: but i usually go longblades anyway
 37061 | Orc:1    | Pr0man: or +2
 37061 | Orc:1    | Pr0man: :D
 37062 | Orc:1    | p0werm0de: tol proman to do so too
 37064 | Orc:2    | p0werm0de: when you have 14 LB you get 8 SB
 37064 | Orc:2    | Pr0man: ?
 37064 | Orc:2    | p0werm0de: and 16/10
 37070 | Orc:2    | p0werm0de: if you only lvl LB
 37290 | Orc:1    | Pr0man: oh, so going lb is actually smarter?
 37295 | Orc:1    | p0werm0de: yea id say so
 37332 | Orc:1    | Reached skill level 4 in Evocations
 37338 | Orc:1    | p0werm0de: its not much xp for the 1handers scimitar/demonblade
 37363 | Orc:1    | p0werm0de: and helps a lot
 37363 | Orc:1    | Pr0man: man, inv is strong
 37363 | Orc:1    | p0werm0de: yea
 37363 | Orc:1    | Pr0man: always thought it'd be useless
 37373 | Orc:2    | p0werm0de: also works decent in elf 1-2
 37436 | Orc:2    | Found Wodazuqu's Antique Armour Boutique.
 37437 | Orc:2    | p0werm0de: hall of blades can be cleared with it
 37459 | Orc:2    | p0werm0de: which has decent chance for quickblade
 37459 | Orc:2    | Pr0man: tempted
 37459 | Orc:2    | p0werm0de: ;P
 37459 | Orc:2    | Pr0man: though i know i end up with something shity
 37459 | Orc:2    | p0werm0de: the dagger?
 37459 | Orc:2    | Pr0man: y
 37459 | Orc:2    | p0werm0de: how much gold ?
 37459 | Orc:2    | p0werm0de: i mean the PDA is too heavy now anyway i guess
 37459 | Orc:2    | p0werm0de: buy demon blade for 400 for sure
 37459 | Orc:2    | p0werm0de: and dagger eventually yyea
 37459 | Orc:2    | p0werm0de: also blue daggers
 37459 | Orc:2    | Pr0man: blue daggers? in looks for a decent brand?
 37459 | Orc:2    | p0werm0de: yep
 37459 | Orc:2    | Bought a jewelled dagger for 280 gold pieces
 37459 | Orc:2    | p0werm0de: vamp dagger is awesome on vampire
 37471 | Orc:2    | Reached skill level 11 in Long Blades
 37477 | Orc:2    | p0werm0de: you can get 50+ heals on stabs
 37550 | Orc:1    | Pr0man: yeah
 37550 | Orc:1    | Pr0man: and you always get healed
 37568 | Orc:1    | Bought a runed demon blade for 435 gold pieces
 37570 | Orc:1    | p0werm0de: yea perfect
 37570 | Orc:1    | Pr0man: well the dagger is ass
 37570 | Orc:1    | p0werm0de: elec
 37580 | Orc:1    | p0werm0de: any bucklers?
 37580 | Orc:1    | Pr0man: yeah
 37580 | Orc:1    | Pr0man: got one on me
 37580 | Orc:1    | p0werm0de: and blue daggers id check too
 37580 | Orc:1    | p0werm0de: as well as robes
 37580 | Orc:1    | Pr0man: how much shield skill was it? 5?
 37580 | Orc:1    | p0werm0de: 44
 37580 | Orc:1    | p0werm0de: 4
 37585 | Orc:1    | vev: for sprigan?
 37585 | Orc:1    | vev: more like 9?
 37586 | Orc:1    | vev: eh sorry
 37586 | Orc:1    | Pr0man: :P
 37586 | Orc:1    | p0werm0de: sp needs 7,2
 37586 | Orc:1    | Pr0man: like i'd ever play spriggan
 37609 | Orc:1    | vev: veggies ;p
 37656 | Orc:2    | p0werm0de: im thinking about doing it again ;P
 37690 | Orc:2    | vev: p0werm0de likes salads ncome to think about it
 37691 | Orc:2    | Found Doinwu's General Store.
 37696 | Orc:2    | p0werm0de: i was vegetarian like 6-7 yrs
 37706 | Orc:2    | p0werm0de: ^^
 37706 | Orc:2    | vev: there ;p
 37706 | Orc:2    | Pr0man: huh?
 37749 | Orc:2    | p0werm0de: any robes?
 37753 | Orc:2    | p0werm0de: kk
 37753 | Orc:2    | p0werm0de: sux
 37755 | Orc:2    | Reached skill level 1 in Shields
 37757 | Orc:2    | p0werm0de: archmagi is quite good for hexes
 37757 | Orc:2    | Pr0man: +2 positive
 37757 | Orc:2    | Pr0man: lol
 37762 | Orc:2    | vev: doesn't see inv
 37775 | Orc:2    | Killed Saint Roka
 37775 | Orc:2    | Reached skill level 3 in Shields
 37794 | Orc:2    | p0werm0de: easy
 37795 | Orc:2    | Pr0man: cheesy :D
 37948 | Orc:2    | Reached skill level 4 in Shields
 37958 | Orc:2    | vev: so p0wer where'd you suggest pr0man dumps his stat points?
 37958 | Orc:2    | vev: int?
 37958 | Orc:2    | Pr0man: nah, he joined in later
 37958 | Orc:2    | p0werm0de: str til 11 or 12
 37958 | Orc:2    | Pr0man: yeah, only that recently
 37958 | Orc:2    | p0werm0de: in general probably
 37958 | Orc:2    | Pr0man: other than that i statted dex
 37958 | Orc:2    | p0werm0de: because vamp gets dex and int free
 37958 | Orc:2    | vev: k thx
 37958 | Orc:2    | Pr0man: think 3 dex 1 int 1 str so far
 37958 | Orc:2    | p0werm0de: i mostly go balanced
 37959 | Orc:2    | p0werm0de: also dont go int on conjurers honestly
 37971 | Orc:2    | Pr0man: huh?
 37971 | Orc:2    | p0werm0de: because yea often you find stuff which changes plans no?
 37971 | Orc:2    | Pr0man: sounds counterproductive
 37996 | Orc:2    | p0werm0de: dunno
 38058 | Orc:2    | p0werm0de: str got a lot better recently too
 38058 | Orc:2    | Pr0man: welll
 38058 | Orc:2    | Pr0man: there's a vamp dagger
 38058 | Orc:2    | Pr0man: however, i'd need to be full whenever i wanna stab
 38058 | Orc:2    | vev: not on Vp i think
 38058 | Orc:2    | p0werm0de: cant vamp switch it freely?
 38058 | Orc:2    | Pr0man: really?
 38058 | Orc:2    | p0werm0de: yea id try it
 38195 | D:11     | Pr0man: oh
 38196 | D:11     | vev: also dagger is a great base weapon for stabbing
 38197 | D:11     | Pr0man: I usually go with qb
 38197 | D:11     | Pr0man: since i never really touch lb, i somewhat reliably aquire qb's
 38197 | D:11     | p0werm0de: dagger gets the highest bonus
 38200 | D:11     | p0werm0de: but QB is good too ofc
 38206 | D:11     | Pr0man: once had like a +7 qb of speed
 38206 | D:11     | Pr0man: :D
 38207 | D:11     | Pr0man: okay
 38207 | D:11     | Pr0man: orc done
 38207 | D:11     | Pr0man: guess it's time for swamp?
 38207 | D:11     | p0werm0de: yea
 38257 | Lair:1   | p0werm0de: id also buy the blue helm
 38257 | Lair:1   | p0werm0de: btw
 38258 | Lair:1   | p0werm0de: it has more AC than hat
 38258 | Lair:1   | p0werm0de: might also be +int
 38258 | Lair:1   | p0werm0de: or save up for PDA
 38258 | Lair:1   | p0werm0de: dunno
 38258 | Lair:1   | vev: or *2 cursed ;p
 38258 | Lair:1   | vev: -2
 38258 | Lair:1   | Pr0man: currently saving :D
 38260 | Lair:1   | p0werm0de: kk
 38318 | Lair:3   | Pr0man: prob end up meeting learny
 38366 | Swamp:1  | Entered Level 1 of the Swamp
 38505 | Swamp:1  | Noticed Nikola
 38508 | Swamp:1  | Pr0man: game
 38508 | Swamp:1  | Pr0man: stop being so cruel
 38508 | Swamp:1  | vev: get rElec or out of there
 38668 | Lair:4   | vev: can instakill without rElec
 38668 | Lair:4   | p0werm0de: ;P
 38668 | Lair:4   | p0werm0de: whats the other branch?
 38668 | Lair:4   | vev: snake ;[
 38669 | Lair:4   | Pr0man: y
 38669 | Lair:4   | p0werm0de: k
 38669 | Lair:4   | Pr0man: this is looking exceptionally shitty
 38674 | Lair:4   | p0werm0de: nah
 38674 | Lair:4   | p0werm0de: youre golden mn
 38674 | Lair:4   | Pr0man: yeah, for you vets this is easy
 38674 | Lair:4   | p0werm0de: any resist potions?
 38674 | Lair:4   | Pr0man: i'm having trouble
 38674 | Lair:4   | Pr0man: demon blight, resist might?
 38674 | Lair:4   | p0werm0de: could kill him with might+resist and LB
 38675 | Lair:4   | p0werm0de: yep
 38699 | Swamp:1  | p0werm0de: but try to fight him solo
 38775 | Swamp:1  | p0werm0de: also net him if possible
 39089 | Swamp:1  | HP: 33/115 [poison (poison gas)]
 39094 | Swamp:1  | HP: 29/115 [poison (poison gas)]
 39099 | Swamp:1  | HP: 25/115 [poison (poison gas)]
 39105 | Swamp:1  | HP: 23/115 [poison (poison gas)]
 39111 | Swamp:1  | HP: 21/115 [poison (poison gas)]
 39457 | Swamp:1  | p0werm0de: fly over deep water vs those
 39459 | Swamp:1  | p0werm0de: so he cant root you
 39459 | Swamp:1  | Pr0man: huh?
 39459 | Swamp:1  | Pr0man: i always thought they still root you and you end up drowning
 39477 | Swamp:1  | p0werm0de: maybe was the case once
 39480 | Swamp:1  | p0werm0de: but not anymore
 39480 | Swamp:1  | vev: you cannot drown any more
 39483 | Swamp:1  | p0werm0de: its best now
 39528 | Swamp:1  | Paralysed by a hornet for 3 turns
 39671 | Swamp:1  | vev: still remember my first char drowning. felt cheap.
 39677 | Swamp:1  | Pr0man: my first drowning was here
 39677 | Swamp:1  | p0werm0de: i managed it with some tengus stumbled into deep water
 39737 | Swamp:1  | p0werm0de: ah yea that suked;P
 39807 | Swamp:1  | p0werm0de: might as well just go down now
 39822 | Swamp:2  | p0werm0de: nikola doesnt showup anyway
 39838 | Swamp:1  | p0werm0de: k ;p
 39922 | Swamp:2  | Noticed Aizul
 39927 | Swamp:2  | Pr0man: wth game
 39931 | Swamp:2  | vev: he cannot swim/fly
 39933 | Swamp:1  | p0werm0de: yea watchout
 39966 | Swamp:1  | p0werm0de: you dont have rpois right?
 39982 | Swamp:1  | Killed Nikola
 39982 | Swamp:1  | Reached skill level 12 in Long Blades
 39988 | Swamp:1  | p0werm0de: nice
 40004 | Swamp:1  | Pr0man: nope
 40004 | Swamp:1  | p0werm0de: yea dont fight aizul
 40004 | Swamp:1  | vev: you get rPois on very thirsty
 40004 | Swamp:1  | Pr0man: i could potentially get poison clock blocked by going bloodless
 40011 | Swamp:1  | p0werm0de: yea hmm
 40018 | Swamp:1  | p0werm0de: or now with the buffs
 40019 | Swamp:1  | p0werm0de: ^^
 40024 | Swamp:1  | p0werm0de: but resist running out alrdy
 40154 | Swamp:1  | p0werm0de: vamps got changed again t oo recently
 40158 | Swamp:1  | p0werm0de: no more near bloodless
 40164 | Swamp:1  | vev: yeah
 40169 | Swamp:1  | vev: simplified
 40202 | Swamp:1  | vev: but essense is the same
 40202 | Swamp:1  | Pr0man: oh yeah read about that
 40202 | Swamp:1  | p0werm0de: well anyway aizul has 53% sleep on you that sucks imo
 40202 | Swamp:1  | Pr0man: no more near bloodless and naerly full?
 40266 | Swamp:1  | Pr0man: huh?
 40266 | Swamp:1  | p0werm0de: hmm
 40266 | Swamp:1  | p0werm0de: ;P
 40266 | Swamp:1  | Pr0man: did they revert that?
 40385 | Swamp:1  | Noticed Roxanne
 40395 | Swamp:1  | p0werm0de: dunno also wondering
 40395 | Swamp:1  | Pr0man: LCS
 40395 | Swamp:1  | Pr0man: no thanks
 40434 | Swamp:1  | p0werm0de: but gives book with iron shot ;P
 41069 | Swamp:1  | Pr0man: decide already ash
 41436 | Swamp:1  | Reached skill level 13 in Long Blades
 41885 | Swamp:1  | Pr0man: yeah this isn't really working out i guess?
 41933 | Swamp:2  | p0werm0de: aizul is risky sure
 41934 | Swamp:1  | p0werm0de: sleep sux big time
 41946 | Swamp:1  | p0werm0de: might try with dazzling spray
 42141 | Swamp:2  | p0werm0de: do you have it?
 42141 | Swamp:2  | Pr0man: nope
 42143 | Swamp:1  | p0werm0de: kk
 42143 | Swamp:1  | Pr0man: no rpois... ugh
 42143 | Swamp:1  | Pr0man: would make snake doable
 42143 | Swamp:1  | Pr0man: chain mail would be okay, but i'd lose on alot of stealth at this point i think
 42143 | Swamp:1  | p0werm0de: nah it has 15EC
 42143 | D:3      | p0werm0de: you lose all you EV
 42621 | D:7      | Pr0man: already considering losing ash
 42621 | D:7      | Pr0man: as it does little to help at this point
 42624 | D:8      | p0werm0de: it will help when you want other spells later
 42665 | D:9      | p0werm0de: and with defs
 42665 | D:9      | p0werm0de: with the PDA
 42680 | D:9      | p0werm0de: id stay now
 42727 | Lair:1   | p0werm0de: the wrath is also quite long -4 to all skills
 42729 | Lair:1   | Pr0man: oh great
 42729 | Lair:1   | Pr0man: i chose poorly i think :D
 42730 | Lair:1   | Pr0man: bloodless now.. great
 42733 | Lair:1   | p0werm0de: nah man tht mail sux
 42733 | Lair:1   | p0werm0de: you lose your stealth and EV
 42733 | Lair:1   | Pr0man: MR+.. not even nearly enough for elf
 42733 | Lair:1   | p0werm0de: better play at thirsty
 42733 | Lair:1   | Pr0man: yeah
 42746 | Lair:1   | p0werm0de: but learn dazzling spray
 42748 | Lair:1   | p0werm0de: you need it in snake
 42749 | Lair:1   | p0werm0de: some of em have high mr
 42749 | Lair:1   | p0werm0de: greater naga esp
 42749 | Lair:1   | Pr0man: need to make room
 42755 | Lair:1   | Learned a level 3 spell: Dazzling Spray
 42826 | Lair:4   | HP: 29/115 [catoblepas (11)]
 42827 | Lair:4   | HP: 14/115 [catoblepas (15)]
 42893 | Lair:4   | Pr0man: that screwed me over
 42968 | Lair:4   | Reached skill level 1 in Conjurations
 43048 | Swamp:1  | Pr0man: nice
 43057 | Swamp:1  | Pr0man: now i could potentially kill aizul
 43057 | Swamp:1  | Pr0man: suggestions?
 43275 | Swamp:2  | Reached skill level 2 in Conjurations
 43348 | Swamp:2  | p0werm0de: yea you can kill it if you land dazzling
 43410 | Swamp:2  | p0werm0de: but chance is just like 10% i think
 43411 | Swamp:2  | p0werm0de: still its the best way vs high mr to get stabs
 43433 | Swamp:2  | Killed Aizul
 43433 | Swamp:2  | Reached skill level 3 in Conjurations
 43437 | Swamp:2  | p0werm0de: kk nice
 43437 | Swamp:2  | Pr0man: pft
 43438 | Swamp:2  | p0werm0de: lb is good enuf
 43444 | Swamp:2  | p0werm0de: ;P
 43480 | Swamp:2  | p0werm0de: yea as said once you have the PDA and enchant the demon blade you can fight most stuff easily
 43568 | Swamp:2  | HP: 34/115 [seven-headed hydra (3)]
 43996 | Swamp:2  | HP: 30/115 [alligator (15)]
 43998 | Swamp:2  | Slain by an alligator

Vault maps used:
D:1:      scummos_arrival_simple_crosswalls, roderic_roman_lattice
D:2:      evilmike_ruin_ashenzari, first_bread, ecumenical_altar_1, uniq_robin,
          uniq_jessica, uniq_iyjb
D:3:      nicolae_overflow_crystal_walls, grunt_ministairs_10
D:4:      serial_shops, shop
D:5:      old_forge, basic_altar, uniq_blork_the_orc, uniq_pikel, uniq_eustachio
D:7:      nicolae_overflow_hidden_temple, lemuel_crystal_altar, basic_altar,
          grunt_ogre_cave, okawaru_humans
D:8:      kennysheep_mini, uniq_erica
D:9:      kennysheep_orc_monster_closet_entryway, st_stairs_8,
          minmay_misc_feat_doors
D:11:     grunt_lair_entry_orc_guard_hut, uniq_josephine
D:12:     lab_entry_generic, minmay_misc_feat_columns,
          nicolae_qazlal_general_emergency
D:13:     enter_trove_1, serial_shops, shop, minmay_crystal_room,
          hangedman_abyss_or_decor_passed, lemuel_oklob_altar
D:14:     erik_vaults_1, moated_statue, serial_shops, kennysheep_mini_moat,
          spider_trap
D:15:     grunt_enter_depths_hoard, serial_park_avenue1, fedhas_altar_4,
          uniq_kirke
Lair:1:   serial_bayou_shore_b, infiniplex_staircase_pool, grunt_megastairs_3,
          lemuel_fruit_tree
Lair:2:   grunt_forest_large_clearing_hut, grunt_megastairs_2
Lair:4:   minmay_swamp_entry_worms, minmay_snake_entry_guardpost_small,
          enter_volcano_3
Lair:5:   minivault_29, uniq_snorg
Lair:6:   gammafunk_lair_ancient_temple, slime_altar_1
Swamp:1:  evilmike_swamp_ruin_wall, uniq_nikola, uniq_roxanne
Swamp:2:  evilmike_swamp_ruin_house_2, uniq_aizul
Orc:1:    serial_shops, nicolae_shop_statue_plus, guppyfry_orc_lava_fort
Orc:2:    grunt_orc_gardens, grunt_orc_garden, grunt_orc_garden,
          grunt_orc_garden, grunt_orc_garden, uniq_saint_roka
Lab:      labyrinth_mini_lab
Volcano:  volcano_caves

Skill      XL: |  1  2  3  4  5  6  7  8  9 10 11 12 13 14 15 |
---------------+----------------------------------------------+-----
Short Blades   | 2 3 4 6 9 10 | 10.7
Hexes          | 5 6 7 10 11 | 11.9
Ice Magic      | 2 3 4 5 6 7 |  7.6
Stealth        | 7 9 12 15 | 15.8
Fighting       | 3 6 8 9 10 | 10.0
Dodging        | 5 8 10 11 | 11.7
Spellcasting   | 3 |  3.6
Long Blades    | 8 9 10 13 | 13.1
Air Magic      | 1 |  1.7
Armour         | 1 3 |  3.0
Earth Magic    | 5 |  5.8
Evocations     | 3 4 |  4.1
Shields        | 4 |  4.0
Conjurations   | 3 |  3.2

Action                   |  1- 3 |  4- 6 |  7- 9 | 10-12 | 13-15 || total
-------------------------+-------+-------+-------+-------+-------++-------
Melee: Dagger            |   150 |   333 |   575 |    52 |   574 ||  1684
       Bite              |    10 |    38 |    61 |    94 |   105 ||   308
       Unarmed           |       |       |     5 |     3 |     1 ||     9
       Scimitar          |       |       |       |   735 |   215 ||   950
       Demon blade       |       |       |       |       |   186 ||   186
Throw: Throwing net      |       |       |       |       |     2 ||     2
 Cast: Corona            |    20 |    11 |    27 |    17 |       ||    75
       Ensorcelled Hiber |     8 |    53 |   128 |   195 |   515 ||   899
       Repel Missiles    |       |       |       |     1 |       ||     1
       Confuse           |       |       |       |     8 |    15 ||    23
       Tukima's Dance    |       |       |       |     2 |     1 ||     3
       Summon Butterflie |       |       |       |     2 |       ||     2
       Dazzling Spray    |       |       |       |       |     7 ||     7
Invok: Curse Item        |       |     3 |     2 |     2 |     3 ||    10
 Abil: Bat Form          |       |     2 |     9 |    25 |    43 ||    79
       End Transformatio |       |     2 |     9 |    25 |    42 ||    78
       Evoke Invisibilit |       |       |       |       |    15 ||    15
  Use: Potion            |     4 |    10 |     6 |     6 |    29 ||    55
       Scroll            |     3 |     4 |     8 |     9 |    16 ||    40
 Stab: Sleeping          |     7 |    27 |    65 |   114 |   278 ||   491
       Distracted        |       |     1 |     1 |     5 |    10 ||    17
       Confused          |       |       |       |     5 |     5 ||    10
       Invisible         |       |       |       |       |    14 ||    14
       Held in net/web   |       |       |       |       |     3 ||     3
  Eat: Corpse            |       |     9 |    23 |    30 |    38 ||   100
Armor: Robe              |    34 |    64 |    99 |    82 |    24 ||   303
       Leather armour    |       |       |       |       |    81 ||    81
       Chain mail        |       |       |       |       |     1 ||     1
Dodge: Dodged            |   123 |   174 |   319 |   690 |   955 ||  2261
       Deflected         |       |       |       |     1 |       ||     1
Block: Other             |       |       |       |       |    49 ||    49
       Reflection        |       |       |       |       |     3 ||     3
       Buckler           |       |       |       |       |    75 ||    75
       Rpst.: Scimitar   |       |       |       |   172 |    47 ||   219
       Demon blade       |       |       |       |       |    27 ||    27

Table legend:
 A = Turns spent in this place as a percentage of turns spent in the entire game.
 B = Non-inter-level travel turns spent in this place as a percentage of non-inter-level travel turns spent in the entire game.
 C = Inter-level travel turns spent in this place as a percentage of turns spent in this place.
 D = Turns resting spent in this place as a percentage of non-inter-level travel turns spent in this place.
 E = Turns spent auto-exploring this place as a percentage of non-inter-level travel turns spent in this place.
 F = Non-inter-level travel turns spent in this place divided by the number of levels of this place that you've seen.
                   A       B       C       D       E      F
               +-------+-------+-------+-------+-------+----------------------
         Total | 100.0 | 100.0 |   0.8 |   4.5 |   3.4 | 639.1
       Dungeon |  55.1 |  55.1 |   0.8 |   4.2 |   4.1 | 634.3
          Lair |  22.4 |  22.3 |   1.1 |   4.9 |   3.1 | 642.2
         Swamp |   9.4 |   9.4 |   0.8 |   6.2 |   1.9 | 810.0
  Orcish Mines |  10.4 |  10.4 |   0.6 |   4.2 |   2.5 | 899.0
     Labyrinth |   2.2 |   2.2 |   0.0 |   4.2 |   0.0 | 384.0
       Volcano |   0.5 |   0.5 |   0.0 |   4.7 |   0.0 |  85.0
               +-------+-------+-------+-------+-------+----------------------

Vault maps used:
D:1:      scummos_arrival_simple_crosswalls, roderic_roman_lattice
D:2:      evilmike_ruin_ashenzari, first_bread, ecumenical_altar_1, uniq_robin,
          uniq_jessica, uniq_iyjb
D:3:      nicolae_overflow_crystal_walls, grunt_ministairs_10
D:4:      serial_shops, shop
D:5:      old_forge, basic_altar, uniq_blork_the_orc, uniq_pikel, uniq_eustachio
D:7:      nicolae_overflow_hidden_temple, lemuel_crystal_altar, basic_altar,
          grunt_ogre_cave, okawaru_humans
D:8:      kennysheep_mini, uniq_erica
D:9:      kennysheep_orc_monster_closet_entryway, st_stairs_8,
          minmay_misc_feat_doors
D:11:     grunt_lair_entry_orc_guard_hut, uniq_josephine
D:12:     lab_entry_generic, minmay_misc_feat_columns,
          nicolae_qazlal_general_emergency
D:13:     enter_trove_1, serial_shops, shop, minmay_crystal_room,
          hangedman_abyss_or_decor_passed, lemuel_oklob_altar
D:14:     erik_vaults_1, moated_statue, serial_shops, kennysheep_mini_moat,
          spider_trap
D:15:     grunt_enter_depths_hoard, serial_park_avenue1, fedhas_altar_4,
          uniq_kirke
Lair:1:   serial_bayou_shore_b, infiniplex_staircase_pool, grunt_megastairs_3,
          lemuel_fruit_tree
Lair:2:   grunt_forest_large_clearing_hut, grunt_megastairs_2
Lair:4:   minmay_swamp_entry_worms, minmay_snake_entry_guardpost_small,
          enter_volcano_3
Lair:5:   minivault_29, uniq_snorg
Lair:6:   gammafunk_lair_ancient_temple, slime_altar_1
Swamp:1:  evilmike_swamp_ruin_wall, uniq_nikola, uniq_roxanne
Swamp:2:  evilmike_swamp_ruin_house_2, uniq_aizul
Orc:1:    serial_shops, nicolae_shop_statue_plus, guppyfry_orc_lava_fort
Orc:2:    grunt_orc_gardens, grunt_orc_garden, grunt_orc_garden,
          grunt_orc_garden, grunt_orc_garden, uniq_saint_roka
Lab:      labyrinth_mini_lab
Volcano:  volcano_caves
